Phantoms vs Whale

Created - Wednesday, October 22, 2014 at 22:18

Goals
1 2 3 T
Phantoms 0 0 1 1
Whale 1 1 0 2
Shots
1 2 3 T
Phantoms 6 7 8 21
Whale 12 7 5 24

1st period

1. Whale , Brendan Ranford 1 (Brad Staubitz, Justin Falk) at 19:25

Penalties :
Nick Tarnasky (CON) for Fighting (Major) at 1:04, Zack Stortini (ADR) for Fighting (Major) at 1:04, Zack Stortini (ADR) for instigated a fight (Minor) at 1:04, Zack Stortini (ADR) for instigated a fight (10 Minutes Misconduct) at 1:04, Mark Van Guilder (ADR) for Hooking (Minor) at 17:02

2nd period

2. Whale , Jon Sim 2 (Jay Rosehill, Justin Falk) at 9:43 (PP)

Penalties :
Dmitrij Jaskin (ADR) for Hooking (Minor) at 8:42, Mike Moore (CON) for Elbowing (Minor) at 18:48

3rd period

3. Phantoms , Mark Van Guilder 1 (Jerome Gauthier-Leduc, Jonathan Hazen) at 1:56

Penalties :
Randy Jones (ADR) for Hooking (Minor) at 2:39

Goalie Stats

Devan Dubnyk (ADR), 22 saves from 24 shots - (0.917), L, 3-2-5, 59:13 minutes
Igor Bobkov (CON), 20 saves from 21 shots - (0.952), W, 2-0-0, 60:00 minutes

Players Stats for Phantoms

Player Name              G  A  P  +/- PIM S  H  SB GA TA FO     MP     PP MP  PK MP  
------------------------------------------------------------------------------------
Adam Lowry               0  0  0   0  0   1  2  1  1  2  4/9    20:28   1:03   4:14 
Bryan Lerg               0  0  0   0  0   0  3  2  1  1  4/10   17:06   0:56   2:24 
Chris Langkow            0  0  0  -1  0   1  1  0  1  0  3/4    11:00   0:00   0:33 
Denver Manderson         0  0  0   1  0   1  1  0  1  2  1/2    16:04   0:00   1:08 
Dmitrij Jaskin           0  0  0   0  2   2  1  0  0  0  0/4    20:13   1:03   3:09 
Garnet Exelby            0  0  0  -1  0   2  1  2  1  2  0/0    26:50   1:36   4:54 
Garrett Wilson           0  0  0   0  0   1  2  0  4  0  0/0    15:38   0:56   0:22 
Harri Pesonen            0  0  0   0  0   3  0  1  0  0  1/1    17:42   1:03   1:13 
Jerome Gauthier-Leduc    0  1  1   1  0   1  2  2  0  2  0/0    19:38   0:23   2:04 
Jonathan Hazen           0  1  1   1  0   1  0  0  0  0  0/0    13:21   0:00   0:00 
Josh Lunden              0  0  0  -1  0   0  0  1  3  1  0/0    11:06   0:00   0:53 
Keegan Lowe              0  0  0   0  0   0  1  1  1  1  0/0    14:02   0:00   0:00 
Mark Van Guilder         1  0  1   0  2   1  0  1  2  0  4/6    15:39   0:00   0:00 
Martin Gernat            0  0  0   1  0   3  1  0  4  1  0/0    20:12   0:23   2:12 
Randy Jones              0  0  0  -1  2   0  2  2  0  1  0/0    25:36   1:36   3:44 
Steve MacIntyre          0  0  0   0  0   0  0  0  0  0  0/0     0:26   0:00   0:00 
Zack FitzGerald          0  0  0   0  0   1  0  0  0  1  0/0    15:51   0:00   1:02 
Zack Stortini            0  0  0   0  17  3  1  0  0  0  0/1    12:01   0:56   0:00 

Players Stats for Whale

Player Name              G  A  P  +/- PIM S  H  SB GA TA FO     MP     PP MP  PK MP  
------------------------------------------------------------------------------------
Brad Staubitz            0  1  1   1  0   0  0  0  0  0  0/0     6:45   0:00   0:00 
Brendan Ranford          1  0  1   1  0   1  1  0  1  0  0/0     5:49   0:00   0:00 
Brent Regner             0  0  0  -1  0   1  2  1  2  0  0/0    24:01   3:13   0:55 
Chris McKelvie           0  0  0   0  0   2  3  0  4  2  3/10   17:06   0:37   0:14 
Dallas Jackson           0  0  0  -1  0   2  1  1  1  0  0/0    23:03   3:13   0:55 
Denis Grebeshkov         0  0  0   0  0   0  0  0  0  0  0/0     6:23   0:15   0:00 
Denny Urban              0  0  0   0  0   0  0  0  0  0  0/0     0:00   0:00   0:00 
Derek Nesbitt            0  0  0   1  0   1  2  0  0  0  0/0    12:48   0:37   0:00 
James Livingston         0  0  0  -1  0   1  2  0  0  0  0/0    19:14   3:24   0:00 
Jay Rosehill             0  1  1   0  0   4  2  0  1  0  3/3    18:12   2:58   0:00 
John McCarthy            0  0  0   0  0   2  1  0  4  0  0/0    21:16   2:35   1:04 
Jon Sim                  1  0  1   0  0   2  1  0  4  1  4/4    14:10   2:26   1:59 
Justin Falk              0  2  2   1  0   1  2  1  1  3  0/0    26:37   3:30   1:04 
Kelly Zajac              0  0  0  -1  0   0  1  0  1  0  5/10   19:58   3:24   0:00 
Mike Hedden              0  0  0   0  0   1  0  0  1  1  4/8    21:42   2:40   0:41 
Mike Moore               0  0  0   1  2   0  4  0  0  1  0/0    17:48   0:15   0:00 
Nick Tarnasky            0  0  0  -1  5   2  1  0  1  1  1/2    17:55   2:13   0:00 
Taylor Chorney           0  0  0   0  0   4  4  2  1  2  0/0    25:07   3:30   1:04 

3 Stars

1 - Igor Bobkov (CON)
2 - Justin Falk (CON)
3 - Brendan Ranford (CON)

Power Play

Phantoms - 0 on 1 Attempt(s) - 0.00%
Whale - 1 on 4 Attempt(s) - 25.00%

Penalty Kill

Phantoms - 3 on 4 Attempt(s) - 75.00% - Score 0 goal in Penalty Kill
Whale - 1 on 1 Attempt(s) - 100.00% - Score 0 goal in Penalty Kill

Official

Referees : Unknown
Linesman : Unknown

Game Notes

Zack Stortini beats up Nick Tarnasky at 1:04 of 1st period
Jon Sim is injured at 0:51 of 3rd period (Lacerated Left Calf)

Finance

Level 1 -- Attendance: 1366 (68.30%) -- Ticket Income $47,810
Level 2 -- Attendance: 735 (73.50%) -- Ticket Income $11,025
Total Attendance: 2101 (70.03%)
Total Ticket Income: $58,835
Other Income: $28,829
Total Income: $87,664

Phantoms

5 vs 5 Forward 
   Center                   Left Wing                Right Wing               Time % Phy DF OF 
 1 Adam Lowry               Dmitrij Jaskin           Harri Pesonen            35     1   2  2  
 2 Bryan Lerg               Garrett Wilson           Zack Stortini            30     1   2  2  
 3 Mark Van Guilder         Denver Manderson         Jonathan Hazen           22     1   2  2  
 4 Chris Langkow            Josh Lunden              Dmitrij Jaskin           13     1   2  2  

5 vs 5 Defense 
   Defense                  Defense                                           Time % Phy DF OF 
 1 Randy Jones              Garnet Exelby                                     35     1   2  2  
 2 Martin Gernat            Jerome Gauthier-Leduc                             30     1   2  2  
 3 Keegan Lowe              Zack FitzGerald                                   22     1   2  2  
 4 Randy Jones              Garnet Exelby                                     13     1   2  2  

PowerPlay Forward 
   Center                   Left Wing                Right Wing               Time % Phy DF OF 
 1 Adam Lowry               Dmitrij Jaskin           Harri Pesonen            60     1   2  2  
 2 Bryan Lerg               Garrett Wilson           Zack Stortini            40     1   2  2  

PowerPlay Defense
   Defense                  Defense                                           Time % Phy DF OF 
 1 Randy Jones              Garnet Exelby                                     60     1   2  2  
 2 Martin Gernat            Jerome Gauthier-Leduc                             40     1   2  2  

Penalty Kill 4 Players Forward 
   Center                   Wing                     Time % Phy DF OF 
 1 Dmitrij Jaskin           Adam Lowry               60     1   2  2  
 2 Bryan Lerg               Harri Pesonen            40     1   2  2  

Penalty Kill 4 Players Defense
   Defense                  Defense                  Time % Phy DF OF 
 1 Randy Jones              Garnet Exelby            60     1   2  2  
 2 Martin Gernat            Jerome Gauthier-Leduc    40     1   2  2  

Penalty Kill - 3 Players Forward 
   Forward                                           Time % Phy DF OF 
 1 Dmitrij Jaskin                                    60     1   2  2  
 2 Adam Lowry                                        40     1   2  2  

Penalty Kill - 3 Players Defense
   Defense                  Defense                  Time % Phy DF OF 
 1 Randy Jones              Garnet Exelby            60     1   2  2  
 2 Martin Gernat            Jerome Gauthier-Leduc    40     1   2  2  

4 vs 4 Forward 
   Center                   Wing                     Time % Phy DF OF 
 1 Dmitrij Jaskin           Adam Lowry               60     1   2  2  
 2 Bryan Lerg               Harri Pesonen            40     1   2  2  

4 vs 4 Defense
   Defense                  Defense                  Time % Phy DF OF 
 1 Randy Jones              Garnet Exelby            60     1   2  2  
 2 Martin Gernat            Jerome Gauthier-Leduc    40     1   2  2  

Last Minutes Offensive
   Center                   Left Wing                Right Wing               Defense                  Defense                  
   Adam Lowry               Dmitrij Jaskin           Harri Pesonen            Randy Jones              Garnet Exelby            

Last Minutes Defensive
   Center                   Left Wing                Right Wing               Defense                  Defense                  
   Adam Lowry               Dmitrij Jaskin           Harri Pesonen            Randy Jones              Garnet Exelby            

Goaltenders
Starting : Devan Dubnyk             
Backup : Marek Mazanec            

Extra Forwards
Normal : Mark Van Guilder, Chris Langkow, Denver Manderson - PP : Mark Van Guilder, Chris Langkow - PK : Denver Manderson
Extra Defensemen
Normal : Keegan Lowe, Zack FitzGerald, Martin Gernat - PP : Keegan Lowe - PK : Zack FitzGerald, Martin Gernat
Penalty Shots
Dmitrij Jaskin, Adam Lowry, Bryan Lerg, Harri Pesonen, Zack Stortini

Whale

5 vs 5 Forward 
   Center                   Left Wing                Right Wing               Time % Phy DF OF 
 1 Mike Hedden              John McCarthy            Jon Sim                  35     1   2  2  
 2 Kelly Zajac              Nick Tarnasky            James Livingston         30     1   2  2  
 3 Chris McKelvie           Mike Hedden              John McCarthy            22     1   2  2  
 4 Nick Tarnasky            Jay Rosehill             John McCarthy            13     1   2  2  

5 vs 5 Defense 
   Defense                  Defense                                           Time % Phy DF OF 
 1 Justin Falk              Taylor Chorney                                    35     1   2  2  
 2 Brent Regner             Dallas Jackson                                    30     1   2  2  
 3 Mike Moore               Justin Falk                                       22     1   2  2  
 4 Taylor Chorney           Justin Falk                                       13     1   2  2  

PowerPlay Forward 
   Center                   Left Wing                Right Wing               Time % Phy DF OF 
 1 Mike Hedden              John McCarthy            Jon Sim                  60     1   2  2  
 2 Kelly Zajac              Nick Tarnasky            James Livingston         40     1   2  2  

PowerPlay Defense
   Defense                  Defense                                           Time % Phy DF OF 
 1 Justin Falk              Taylor Chorney                                    60     1   2  2  
 2 Brent Regner             Dallas Jackson                                    40     1   2  2  

Penalty Kill 4 Players Forward 
   Center                   Wing                     Time % Phy DF OF 
 1 Jon Sim                  John McCarthy            60     1   2  2  
 2 Nick Tarnasky            Mike Hedden              40     1   2  2  

Penalty Kill 4 Players Defense
   Defense                  Defense                  Time % Phy DF OF 
 1 Justin Falk              Taylor Chorney           60     1   2  2  
 2 Brent Regner             Dallas Jackson           40     1   2  2  

Penalty Kill - 3 Players Forward 
   Forward                                           Time % Phy DF OF 
 1 Nick Tarnasky                                     60     1   2  2  
 2 John McCarthy                                     40     1   2  2  

Penalty Kill - 3 Players Defense
   Defense                  Defense                  Time % Phy DF OF 
 1 Justin Falk              Taylor Chorney           60     1   2  2  
 2 Brent Regner             Dallas Jackson           40     1   2  2  

4 vs 4 Forward 
   Center                   Wing                     Time % Phy DF OF 
 1 Kelly Zajac              John McCarthy            60     1   2  2  
 2 Nick Tarnasky            Mike Hedden              40     1   2  2  

4 vs 4 Defense
   Defense                  Defense                  Time % Phy DF OF 
 1 Justin Falk              Taylor Chorney           60     1   2  2  
 2 Brent Regner             Dallas Jackson           40     1   2  2  

Last Minutes Offensive
   Center                   Left Wing                Right Wing               Defense                  Defense                  
   Mike Hedden              John McCarthy            Jon Sim                  Justin Falk              Taylor Chorney           

Last Minutes Defensive
   Center                   Left Wing                Right Wing               Defense                  Defense                  
   Mike Hedden              John McCarthy            Jon Sim                  Justin Falk              Taylor Chorney           

Goaltenders
Starting : Igor Bobkov              
Backup : Jeff Malcolm             

Extra Forwards
Normal : Jay Rosehill, John McCarthy, Chris McKelvie - PP : Jay Rosehill, John McCarthy - PK : Chris McKelvie
Extra Defensemen
Normal : Mike Moore, Justin Falk, Taylor Chorney - PP : Mike Moore - PK : Justin Falk, Taylor Chorney
Penalty Shots
Jon Sim, John McCarthy, Nick Tarnasky, Mike Hedden, Kelly Zajac

% Time on Ice - Phantoms

Lines # - Real PCT - Wanted PCT - Time Play
Normal Forward
1 - 26% - 35% - 13:11
2 - 36% - 30% - 17:56
3 - 25% - 22% - 12:28
4 - 13% - 13% - 6:35
Normal Defense
1 - 33% - 35% - 16:29
2 - 34% - 30% - 17:11
3 - 27% - 22% - 13:39
4 - 6% - 13% - 2:51
PP Forward
1 - 53% - 60% - 1:03
2 - 47% - 40% - 0:56
PP Defense
1 - 81% - 60% - 1:36
2 - 19% - 40% - 0:23
PK Forward
1 - 83% - 60% - 5:45
2 - 17% - 40% - 1:13
PK Defense
1 - 70% - 60% - 4:54
2 - 30% - 40% - 2:04
PK3 Forward
1 - 0% - 60%
2 - 0% - 40%
PK3 Defense
1 - 0% - 60%
2 - 0% - 40%
44 Forward
1 - 0% - 60%
2 - 0% - 40%
44 Defense
1 - 0% - 60%
2 - 0% - 40%
Last Minute Offensive  - 0:53
Last Minute Defensive  - 0:00
Total
Forward - 60:00
Defense - 60:00

% Time on Ice - Whale

Lines # - Real PCT - Wanted PCT - Time Play
Normal Forward
1 - 45% - 35% - 22:41
2 - 31% - 30% - 15:21
3 - 15% - 22% - 7:32
4 - 9% - 13% - 4:36
Normal Defense
1 - 32% - 35% - 15:52
2 - 38% - 30% - 18:55
3 - 27% - 22% - 13:19
4 - 4% - 13% - 2:04
PP Forward
1 - 51% - 60% - 3:34
2 - 49% - 40% - 3:24
PP Defense
1 - 54% - 60% - 3:45
2 - 46% - 40% - 3:13
PK Forward
1 - 100% - 60% - 1:59
2 - 0% - 40% - 0:00
PK Defense
1 - 54% - 60% - 1:04
2 - 46% - 40% - 0:55
PK3 Forward
1 - 0% - 60%
2 - 0% - 40%
PK3 Defense
1 - 0% - 60%
2 - 0% - 40%
44 Forward
1 - 0% - 60%
2 - 0% - 40%
44 Defense
1 - 0% - 60%
2 - 0% - 40%
Last Minute Offensive  - 0:00
Last Minute Defensive  - 0:53
Total
Forward - 60:00
Defense - 60:00

Play by Play

1st period


0:01 of 1st period - Harri Pesonen wins face-off versus Mike Hedden in neutral zone.
0:12 of 1st period - Snap shot by John McCarthy.
0:12 of 1st period - Stopped by Devan Dubnyk with a rebound.
0:14 of 1st period - Wrist shot by Mike Hedden.
0:14 of 1st period - Stopped by Devan Dubnyk with a rebound.
0:16 of 1st period - Slapshot by Taylor Chorney.
0:16 of 1st period - Shot Misses the Net.
0:30 of 1st period - Snap shot by Jon Sim.
0:30 of 1st period - Stopped by Devan Dubnyk with a rebound.
0:52 of 1st period - Snap shot by Zack Stortini.
0:52 of 1st period - Stopped by Igor Bobkov with a rebound.
1:04 of 1st period - Zack Stortini beats up Nick Tarnasky.
1:04 of 1st period - Penalty to Nick Tarnasky for Fighting.
1:04 of 1st period - Penalty to Zack Stortini for Fighting.
1:04 of 1st period - Penalty to Zack Stortini for instigated a fight.
1:04 of 1st period - Penalty to Zack Stortini for instigated a fight.
1:05 of 1st period - Kelly Zajac wins face-off versus Dmitrij Jaskin in Phantoms zone.
1:06 of 1st period - Snap shot by Jay Rosehill.
1:06 of 1st period - Stopped by Devan Dubnyk with a rebound.
1:08 of 1st period - Wrist shot by Kelly Zajac.
1:08 of 1st period - Shot Misses the Net.
1:10 of 1st period - Snap shot by James Livingston.
1:10 of 1st period - Shot Blocked by Adam Lowry.
1:12 of 1st period - Wrist shot by James Livingston.
1:12 of 1st period - Stopped by Devan Dubnyk without a rebound.
1:13 of 1st period - Kelly Zajac wins face-off versus Dmitrij Jaskin in Phantoms zone.
2:12 of 1st period - Wrist shot by Jon Sim.
2:12 of 1st period - Shot Blocked by Randy Jones.
2:49 of 1st period - Slapshot by Taylor Chorney.
2:49 of 1st period - Deflect By Garnet Exelby.
2:49 of 1st period - Stopped by Devan Dubnyk without a rebound.
2:50 of 1st period - Bryan Lerg wins face-off versus Kelly Zajac in Phantoms zone.
2:50 of 1st period - Bryan Lerg is hit by Kelly Zajac.
3:04 of 1st period - Penalty to Zack Stortini is over, Denver Manderson is send on ice.
3:22 of 1st period - Slapshot by Jerome Gauthier-Leduc.
3:22 of 1st period - Stopped by Igor Bobkov with a rebound.
3:24 of 1st period - Wrist shot by Denver Manderson.
3:24 of 1st period - Stopped by Igor Bobkov with a rebound.
4:18 of 1st period - Garrett Wilson is hit by Justin Falk and loses puck.
4:33 of 1st period - Bryan Lerg is hit by Chris McKelvie and loses puck.
4:40 of 1st period - Wrist shot by Jay Rosehill.
4:40 of 1st period - Stopped by Devan Dubnyk without a rebound.
4:41 of 1st period - Chris McKelvie wins face-off versus Chris Langkow in Phantoms zone.
4:56 of 1st period - Slapshot by Zack FitzGerald.
4:56 of 1st period - Deflect By Justin Falk.
4:56 of 1st period - Stopped by Igor Bobkov with a rebound.
5:39 of 1st period - Mike Hedden is hit by Chris Langkow and loses puck.
6:24 of 1st period - Keegan Lowe is hit by Jay Rosehill and loses puck.
6:51 of 1st period - Slapshot by Garnet Exelby.
6:51 of 1st period - Shot Misses the Net.
6:57 of 1st period - Chris McKelvie is hit by Adam Lowry and loses puck.
7:04 of 1st period - Harri Pesonen is hit by Jay Rosehill.
7:36 of 1st period - Chris Langkow is hit by Mike Moore.
8:05 of 1st period - Snap shot by Nick Tarnasky.
8:05 of 1st period - Stopped by Devan Dubnyk with a rebound.
8:07 of 1st period - Slapshot by Brent Regner.
8:07 of 1st period - Stopped by Devan Dubnyk with a rebound.
9:21 of 1st period - Snap shot by Justin Falk.
9:21 of 1st period - Shot Blocked by Garnet Exelby.
9:51 of 1st period - John McCarthy is hit by Garnet Exelby.
9:55 of 1st period - Wrist shot by Garrett Wilson.
9:55 of 1st period - Shot Misses the Net.
9:57 of 1st period - Wrist shot by Harri Pesonen.
9:57 of 1st period - Stopped by Igor Bobkov with a rebound.
10:59 of 1st period - Mike Hedden is hit by Denver Manderson and loses puck.
11:23 of 1st period - Harri Pesonen is hit by Derek Nesbitt and loses puck.
11:48 of 1st period - Jonathan Hazen is hit by Mike Moore and loses puck.
12:08 of 1st period - Icing by Nick Tarnasky.
12:09 of 1st period - Chris Langkow wins face-off versus Kelly Zajac in Whale zone.
12:18 of 1st period - Garrett Wilson is hit by Taylor Chorney and loses puck.
13:17 of 1st period - Martin Gernat is hit by Brent Regner and loses puck.
13:22 of 1st period - Snap shot by Jon Sim.
13:22 of 1st period - Shot Blocked by Jerome Gauthier-Leduc.
13:24 of 1st period - Slapshot by Taylor Chorney.
13:24 of 1st period - Shot Misses the Net.
13:26 of 1st period - Slapshot by Taylor Chorney.
13:26 of 1st period - Stopped by Devan Dubnyk with a rebound.
13:59 of 1st period - Snap shot by Adam Lowry.
13:59 of 1st period - Stopped by Igor Bobkov with a rebound.
14:53 of 1st period - Mike Moore is hit by Martin Gernat and loses puck.
15:02 of 1st period - Snap shot by Adam Lowry.
15:02 of 1st period - Shot Misses the Net.
15:04 of 1st period - Slapshot by Garnet Exelby.
15:04 of 1st period - Shot Misses the Net.
16:04 of 1st period - 10 Minutes Misconduct Penalty to Zack Stortini is over.
16:12 of 1st period - Slapshot by Taylor Chorney.
16:12 of 1st period - Stopped by Devan Dubnyk with a rebound.
16:34 of 1st period - Slapshot by Justin Falk.
16:34 of 1st period - Shot Blocked by Keegan Lowe.
17:02 of 1st period - Minor Penalty to Mark Van Guilder for Hooking.
17:03 of 1st period - Mike Hedden wins face-off versus Dmitrij Jaskin in Phantoms zone.
17:58 of 1st period - Bryan Lerg is hit by Chris McKelvie and loses puck.
18:11 of 1st period - Jon Sim is hit by Bryan Lerg and loses puck.
18:20 of 1st period - Adam Lowry is hit by Taylor Chorney and loses puck.
19:02 of 1st period - Penalty to Mark Van Guilder is over, Mark Van Guilder is back on ice.
19:23 of 1st period - Snap shot by Brad Staubitz.
19:23 of 1st period - Shot Misses the Net.
19:25 of 1st period - Snap shot by Brendan Ranford.
19:25 of 1st period - Deflect By Garnet Exelby.
19:25 of 1st period - Goal by Brendan Ranford - Phantoms : 0 - Whale : 1.
19:26 of 1st period - Mark Van Guilder wins face-off versus Chris McKelvie in neutral zone.
Goals for this period are 0 for Phantoms vs 1 for Whale.
Shots for this period are 6 for Phantoms vs 12 for Whale.

2nd period


0:01 of 2nd period - Adam Lowry wins face-off versus Mike Hedden in neutral zone.
0:06 of 2nd period - Wrist shot by Dmitrij Jaskin.
0:06 of 2nd period - Stopped by Igor Bobkov without a rebound.
0:07 of 2nd period - Adam Lowry wins face-off versus Mike Hedden in Whale zone.
0:38 of 2nd period - Snap shot by Jon Sim.
0:38 of 2nd period - Shot Blocked by Garnet Exelby.
0:40 of 2nd period - Slapshot by Mike Hedden.
0:40 of 2nd period - Shot Misses the Net.
1:49 of 2nd period - Martin Gernat is hit by Chris McKelvie and loses puck.
2:18 of 2nd period - Icing by Mike Moore.
2:19 of 2nd period - Nick Tarnasky wins face-off versus Bryan Lerg in Whale zone.
2:44 of 2nd period - Snap shot by Zack Stortini.
2:44 of 2nd period - Shot Misses the Net.
2:46 of 2nd period - Slapshot by Randy Jones.
2:46 of 2nd period - Shot Blocked by Taylor Chorney.
2:48 of 2nd period - Slapshot by Garnet Exelby.
2:48 of 2nd period - Deflect By Zack Stortini.
2:48 of 2nd period - Shot Misses the Net.
2:48 of 2nd period - Puck is out of play.
2:49 of 2nd period - Mike Hedden wins face-off versus Mark Van Guilder in Whale zone.
4:17 of 2nd period - Bryan Lerg is hit by Jon Sim and loses puck.
4:41 of 2nd period - Randy Jones is hit by Dallas Jackson and loses puck.
5:19 of 2nd period - Snap shot by Jay Rosehill.
5:19 of 2nd period - Shot Misses the Net.
6:46 of 2nd period - Snap shot by Zack Stortini.
6:46 of 2nd period - Deflect By Nick Tarnasky.
6:46 of 2nd period - Shot Blocked by Taylor Chorney.
6:46 of 2nd period - Puck is out of play.
6:47 of 2nd period - Kelly Zajac wins face-off versus Bryan Lerg in Whale zone.
7:10 of 2nd period - Snap shot by Jon Sim.
7:10 of 2nd period - Shot Misses the Net.
7:32 of 2nd period - Snap shot by Nick Tarnasky.
7:32 of 2nd period - Shot Misses the Net.
7:53 of 2nd period - Wrist shot by Mark Van Guilder.
7:53 of 2nd period - Shot Misses the Net.
7:55 of 2nd period - Slapshot by Martin Gernat.
7:55 of 2nd period - Shot Misses the Net.
7:57 of 2nd period - Slapshot by Martin Gernat.
7:57 of 2nd period - Stopped by Igor Bobkov with a rebound.
8:42 of 2nd period - Minor Penalty to Dmitrij Jaskin for Hooking.
8:43 of 2nd period - Jay Rosehill wins face-off versus Denver Manderson in Phantoms zone.
8:43 of 2nd period - Snap shot by Jon Sim.
8:43 of 2nd period - Shot Misses the Net.
9:15 of 2nd period - Slapshot by Nick Tarnasky.
9:15 of 2nd period - Stopped by Devan Dubnyk without a rebound.
9:16 of 2nd period - Bryan Lerg wins face-off versus Kelly Zajac in Phantoms zone.
9:37 of 2nd period - Slapshot by Jon Sim.
9:37 of 2nd period - Shot Blocked by Bryan Lerg.
9:39 of 2nd period - Slapshot by Justin Falk.
9:39 of 2nd period - Stopped by Devan Dubnyk with a rebound.
9:41 of 2nd period - Snap shot by Jay Rosehill.
9:41 of 2nd period - Stopped by Devan Dubnyk with a rebound.
9:43 of 2nd period - Snap shot by Jay Rosehill.
9:43 of 2nd period - Deflect By Jon Sim.
9:43 of 2nd period - Goal by Jon Sim - Phantoms : 0 - Whale : 2.
9:44 of 2nd period - Denver Manderson wins face-off versus Chris McKelvie in neutral zone.
11:25 of 2nd period - Jerome Gauthier-Leduc is hit by James Livingston.
11:31 of 2nd period - James Livingston is hit by Bryan Lerg and loses puck.
11:46 of 2nd period - Dallas Jackson is hit by Garrett Wilson.
12:10 of 2nd period - Snap shot by Taylor Chorney.
12:10 of 2nd period - Shot Misses the Net.
12:12 of 2nd period - Slapshot by Taylor Chorney.
12:12 of 2nd period - Deflect By Jay Rosehill.
12:12 of 2nd period - Stopped by Devan Dubnyk without a rebound.
12:13 of 2nd period - Adam Lowry wins face-off versus Nick Tarnasky in Phantoms zone.
12:37 of 2nd period - Wrist shot by Adam Lowry.
12:37 of 2nd period - Shot Misses the Net.
12:39 of 2nd period - Snap shot by Garnet Exelby.
12:39 of 2nd period - Deflect By Dmitrij Jaskin.
12:39 of 2nd period - Stopped by Igor Bobkov without a rebound.
12:40 of 2nd period - Mark Van Guilder wins face-off versus Kelly Zajac in Whale zone.
12:55 of 2nd period - Wrist shot by Justin Falk.
12:55 of 2nd period - Shot Misses the Net.
12:57 of 2nd period - Slapshot by Taylor Chorney.
12:57 of 2nd period - Stopped by Devan Dubnyk with a rebound.
12:59 of 2nd period - Snap shot by Justin Falk.
12:59 of 2nd period - Shot Misses the Net.
13:09 of 2nd period - Mike Hedden is hit by Keegan Lowe.
14:13 of 2nd period - Slapshot by Garnet Exelby.
14:13 of 2nd period - Stopped by Igor Bobkov with a rebound.
14:15 of 2nd period - Wrist shot by Zack Stortini.
14:15 of 2nd period - Stopped by Igor Bobkov with a rebound.
14:21 of 2nd period - Snap shot by Garrett Wilson.
14:21 of 2nd period - Stopped by Igor Bobkov with a rebound.
14:23 of 2nd period - Wrist shot by Bryan Lerg.
14:23 of 2nd period - Shot Blocked by Brent Regner.
15:10 of 2nd period - Off-side.
15:11 of 2nd period - Adam Lowry wins face-off versus Chris McKelvie in neutral zone.
15:18 of 2nd period - Adam Lowry is hit by Derek Nesbitt and loses puck.
15:56 of 2nd period - Wrist shot by Dallas Jackson.
15:56 of 2nd period - Deflect By Derek Nesbitt.
15:56 of 2nd period - Shot Misses the Net.
15:56 of 2nd period - Puck is out of play.
15:57 of 2nd period - Mark Van Guilder wins face-off versus Chris McKelvie in Phantoms zone.
16:05 of 2nd period - Icing by Chris McKelvie.
16:06 of 2nd period - Chris McKelvie wins face-off versus Mark Van Guilder in Whale zone.
16:48 of 2nd period - Jonathan Hazen is hit by Taylor Chorney and loses puck.
17:18 of 2nd period - Randy Jones is hit by James Livingston and loses puck.
17:25 of 2nd period - Dallas Jackson is hit by Dmitrij Jaskin and loses puck.
18:11 of 2nd period - Wrist shot by Chris McKelvie.
18:11 of 2nd period - Stopped by Devan Dubnyk without a rebound.
18:12 of 2nd period - Chris Langkow wins face-off versus Chris McKelvie in Phantoms zone.
18:48 of 2nd period - Minor Penalty to Mike Moore for Elbowing.
18:49 of 2nd period - Jon Sim wins face-off versus Bryan Lerg in Whale zone.
18:49 of 2nd period - Jon Sim is hit by Randy Jones.
18:58 of 2nd period - Snap shot by Bryan Lerg.
18:58 of 2nd period - Shot Misses the Net.
19:00 of 2nd period - Snap shot by Bryan Lerg.
19:00 of 2nd period - Deflect By Garrett Wilson.
19:00 of 2nd period - Shot Blocked by Dallas Jackson.
19:00 of 2nd period - Puck is out of play.
19:01 of 2nd period - Jon Sim wins face-off versus Bryan Lerg in Whale zone.
19:01 of 2nd period - Jon Sim is hit by Randy Jones.
19:25 of 2nd period - Brent Regner is hit by Bryan Lerg and loses puck.
19:43 of 2nd period - Snap shot by Harri Pesonen.
19:43 of 2nd period - Stopped by Igor Bobkov without a rebound.
19:44 of 2nd period - Jon Sim wins face-off versus Adam Lowry in Whale zone.
Goals for this period are 0 for Phantoms vs 1 for Whale.
Shots for this period are 7 for Phantoms vs 7 for Whale.

3rd period


0:01 of 3rd period - Jon Sim wins face-off versus Adam Lowry in neutral zone.
0:48 of 3rd period - Penalty to Mike Moore is over, Mike Moore is back on ice.
0:50 of 3rd period - Jon Sim is hit by Garrett Wilson.
0:51 of 3rd period - Jon Sim from Whale is injured at 0:51 of 3rd period (Lacerated Left Calf).
0:52 of 3rd period - Mike Hedden wins face-off versus Adam Lowry in Whale zone.
1:08 of 3rd period - Wrist shot by John McCarthy.
1:08 of 3rd period - Shot Blocked by Randy Jones.
1:10 of 3rd period - Snap shot by John McCarthy.
1:10 of 3rd period - Shot Misses the Net.
1:24 of 3rd period - Snap shot by Mike Hedden.
1:24 of 3rd period - Shot Hit the Post.
1:26 of 3rd period - Slapshot by Taylor Chorney.
1:26 of 3rd period - Deflect By Jay Rosehill.
1:26 of 3rd period - Shot Misses the Net.
1:26 of 3rd period - Puck is out of play.
1:27 of 3rd period - Mark Van Guilder wins face-off versus Kelly Zajac in Phantoms zone.
1:52 of 3rd period - Slapshot by Martin Gernat.
1:52 of 3rd period - Stopped by Igor Bobkov with a rebound.
1:54 of 3rd period - Wrist shot by Jonathan Hazen.
1:54 of 3rd period - Stopped by Igor Bobkov with a rebound.
1:56 of 3rd period - Backhand shot by Jerome Gauthier-Leduc.
1:56 of 3rd period - Deflect By Mark Van Guilder.
1:56 of 3rd period - Goal by Mark Van Guilder - Phantoms : 1 - Whale : 2.
1:57 of 3rd period - Mike Hedden wins face-off versus Adam Lowry in neutral zone.
2:00 of 3rd period - Harri Pesonen is hit by Taylor Chorney and loses puck.
2:39 of 3rd period - Minor Penalty to Randy Jones for Hooking.
2:40 of 3rd period - Kelly Zajac wins face-off versus Dmitrij Jaskin in Phantoms zone.
2:49 of 3rd period - Slapshot by Nick Tarnasky.
2:49 of 3rd period - Shot Blocked by Jerome Gauthier-Leduc.
3:35 of 3rd period - Bryan Lerg is hit by Brent Regner and loses puck.
4:39 of 3rd period - Penalty to Randy Jones is over, Randy Jones is back on ice.
5:22 of 3rd period - Slapshot by Justin Falk.
5:22 of 3rd period - Shot Blocked by Josh Lunden.
5:24 of 3rd period - Slapshot by Justin Falk.
5:24 of 3rd period - Shot Misses the Net.
5:26 of 3rd period - Snap shot by Mike Hedden.
5:26 of 3rd period - Shot Misses the Net.
5:28 of 3rd period - Wrist shot by Brent Regner.
5:28 of 3rd period - Shot Misses the Net.
6:10 of 3rd period - Snap shot by John McCarthy.
6:10 of 3rd period - Shot Blocked by Bryan Lerg.
6:12 of 3rd period - Snap shot by Jay Rosehill.
6:12 of 3rd period - Deflect By Chris McKelvie.
6:12 of 3rd period - Shot Misses the Net.
6:12 of 3rd period - Puck is out of play.
6:13 of 3rd period - Jay Rosehill wins face-off versus Bryan Lerg in Phantoms zone.
6:18 of 3rd period - Snap shot by John McCarthy.
6:18 of 3rd period - Stopped by Devan Dubnyk without a rebound.
6:19 of 3rd period - Jay Rosehill wins face-off versus Bryan Lerg in Phantoms zone.
6:38 of 3rd period - Wrist shot by Zack Stortini.
6:38 of 3rd period - Shot Misses the Net.
6:44 of 3rd period - Jerome Gauthier-Leduc is hit by Justin Falk and loses puck.
8:33 of 3rd period - Snap shot by John McCarthy.
8:33 of 3rd period - Shot Misses the Net.
8:35 of 3rd period - Slapshot by Chris McKelvie.
8:35 of 3rd period - Shot Misses the Net.
8:37 of 3rd period - Slapshot by Dallas Jackson.
8:37 of 3rd period - Stopped by Devan Dubnyk without a rebound.
8:38 of 3rd period - Bryan Lerg wins face-off versus Chris McKelvie in Phantoms zone.
8:38 of 3rd period - Bryan Lerg is hit by John McCarthy.
9:43 of 3rd period - Jonathan Hazen is hit by Mike Moore and loses puck.
10:06 of 3rd period - Kelly Zajac is hit by Jerome Gauthier-Leduc.
11:28 of 3rd period - Snap shot by Dallas Jackson.
11:28 of 3rd period - Stopped by Devan Dubnyk with a rebound.
12:13 of 3rd period - Dallas Jackson is hit by Zack Stortini and loses puck.
12:18 of 3rd period - Slapshot by Zack Stortini.
12:18 of 3rd period - Deflect By Dallas Jackson.
12:18 of 3rd period - Stopped by Igor Bobkov with a rebound.
12:20 of 3rd period - Snap shot by Josh Lunden.
12:20 of 3rd period - Shot Misses the Net.
12:22 of 3rd period - Snap shot by Martin Gernat.
12:22 of 3rd period - Stopped by Igor Bobkov with a rebound.
12:24 of 3rd period - Wrist shot by Josh Lunden.
12:24 of 3rd period - Deflect By Chris Langkow.
12:24 of 3rd period - Shot Misses the Net.
12:24 of 3rd period - Puck is out of play.
12:25 of 3rd period - Chris Langkow wins face-off versus Mike Hedden in Whale zone.
13:24 of 3rd period - Snap shot by Zack Stortini.
13:24 of 3rd period - Shot Misses the Net.
13:52 of 3rd period - Snap shot by Mike Hedden.
13:52 of 3rd period - Shot Misses the Net.
14:29 of 3rd period - Wrist shot by Denis Grebeshkov.
14:29 of 3rd period - Shot Blocked by Mark Van Guilder.
15:14 of 3rd period - Snap shot by Chris Langkow.
15:14 of 3rd period - Stopped by Igor Bobkov with a rebound.
15:28 of 3rd period - Slapshot by John McCarthy.
15:28 of 3rd period - Deflect By Derek Nesbitt.
15:28 of 3rd period - Stopped by Devan Dubnyk with a rebound.
15:30 of 3rd period - Snap shot by Derek Nesbitt.
15:30 of 3rd period - Shot Blocked by Harri Pesonen.
15:32 of 3rd period - Snap shot by John McCarthy.
15:32 of 3rd period - Deflect By Derek Nesbitt.
15:32 of 3rd period - Shot Misses the Net.
15:32 of 3rd period - Puck is out of play.
15:33 of 3rd period - Chris McKelvie wins face-off versus Zack Stortini in Phantoms zone.
15:36 of 3rd period - Wrist shot by John McCarthy.
15:36 of 3rd period - Deflect By Chris McKelvie.
15:36 of 3rd period - Stopped by Devan Dubnyk without a rebound.
15:37 of 3rd period - Bryan Lerg wins face-off versus Chris McKelvie in Phantoms zone.
16:18 of 3rd period - Adam Lowry is hit by Mike Moore.
17:15 of 3rd period - Jonathan Hazen is hit by Nick Tarnasky and loses puck.
18:26 of 3rd period - Dallas Jackson is hit by Jerome Gauthier-Leduc and loses puck.
19:13 of 3rd period - Phantoms, Devan Dubnyk is pulled from the net.
19:19 of 3rd period - Slapshot by Harri Pesonen.
19:19 of 3rd period - Shot Blocked by Justin Falk.
19:21 of 3rd period - Wrist shot by Garnet Exelby.
19:21 of 3rd period - Stopped by Igor Bobkov with a rebound.
19:29 of 3rd period - Wrist shot by Harri Pesonen.
19:29 of 3rd period - Stopped by Igor Bobkov without a rebound.
19:30 of 3rd period - Adam Oates call a timeout for Phantoms.
19:30 of 3rd period - Kelly Zajac wins face-off versus Adam Lowry in Whale zone.
19:30 of 3rd period - Kelly Zajac is hit by Adam Lowry.
19:44 of 3rd period - Harri Pesonen is hit by Brendan Ranford and loses puck.
Goals for this period are 1 for Phantoms vs 0 for Whale.
Shots for this period are 8 for Phantoms vs 5 for Whale.


Output by the SimonT Hockey Simulator (STHS) for Eric Dolegowski -- Original Page W3C XHTML 1.0 Valid
Hockey Simulator - Hockey Simulation - Hockey Manager